 Dungeon Crawl Stone Soup version 0.23.2-1-ga50397a (webtiles) character file.

Game seed: 15551390197064831149

215 IBeShadow the Skirmisher (level 5, -2/44 HPs)
             Began as a Demonspawn Fighter on May 6, 2019.
             Slain by Natasha (4 damage)
             ... on level 2 of the Dungeon.
             The game lasted 00:07:13 (2674 turns).

IBeShadow the Skirmisher (Demonspawn Fighter)       Turns: 2674, Time: 00:07:13

Health: -2/44      AC:  2    Str: 17    XL:     5   Next: 60%
Magic:  5/5        EV:  8    Int:  9    God:
Gold:   80         SH:  8    Dex: 13    Spells: 4/4 levels left

rFire    . . .     SeeInvis .   a - +0 rapier
rCold    . . .     Gourm    .   c - +0 shield
rNeg     . . .     Faith    .   (no armour)
rPois    .         Spirit   .   (helmet restricted)
rElec    .         Reflect  .   h - +0 cloak
rCorr    .         Harm     .   e - +0 pair of gloves
MR       .....                  (no boots)
Stlth    +.........             (no amulet)
HPRegen  0.14/turn              (no ring)
MPRegen  0.09/turn              (no ring)

@: slowed, very slow
A: horns 2, powered by death 1
a: no special abilities


You were on level 2 of the Dungeon.
You were not hungry.

You visited 1 branch of the dungeon, and saw 2 of its levels.

You collected 80 gold pieces.

Inventory:

Hand Weapons
 a - a +0 rapier (weapon)
Armour
 b - a +0 scale mail
 c - a +0 shield (worn)
 e - a +0 pair of gloves (worn)
 h - a +0 cloak (worn)
Scrolls
 g - 2 scrolls of remove curse
 k - a scroll of teleportation {unknown}
 l - a scroll of enchant weapon {unknown}
Potions
 d - a potion of might
 m - a potion of ambrosia {unknown}
Comestibles
 f - 4 rations


   Skills:
 * Level 5.5 Fighting
 + Level 3.3 Short Blades
 - Level 2.6 Armour
 - Level 2.6 Shields


You had 4 spell levels left.
You didn't know any spells.
Your spell library was empty.

Dungeon Overview and Level Annotations

Branches:
Dungeon (2/15)

Altars:
Makhleb

Annotations:
D:2 Natasha


Innate Abilities, Weirdness & Mutations

You have a pair of horns on your head.
You regenerate a little health from kills.


Message History

Natasha casts a spell at you. The magic dart hits you!
You miss Natasha. You block Natasha's attack. You block the iron imp's attack.
You block Natasha's attack. The iron imp hits you.
Press: ? - help, v - describe, . - travel
Here: an iron imp (summoned)
The floor.
Natasha casts a spell.
You puncture Natasha!
Natasha is heavily wounded.
Natasha claws you. The iron imp hits you!
* * * LOW HITPOINT WARNING * * *
Okay, then.
Okay, then.
You closely miss Natasha. Your headbutt misses Natasha.
Natasha is heavily wounded.
Natasha claws you!
* * * LOW HITPOINT WARNING * * *
The iron imp barely misses you. Natasha claws you.
You die...

...##...#.##'####.##........
#
...##...........#...........
#
...##...........####.######
# #####..............#.# #
#####...........##.#.# #
#..)))..........##.#.######
#.#
#.#####'#.##.###....(.....#
#.# ........#..#.#
#5...(.....#####.#
.......###.#.#
#@....(....+.....# .<.....#
#.#.# #h5....(...#####..
.......# #...#
#5................
.......####..#
#........).#####..
#########....#
#..............#..
.............#
#..........###.#..
P.....P....#.# ##########.#
#.#.. ♣♣♣P.P♣♣♣...># #.#
#.#.. ♣ ♣...♣ ♣P.###
#.###.#..


You could see an iron imp, Natasha and 2 crimson imps.

Vanquished Creatures
  Natasha (twice) (D:2)
  Terence (D:2)
  4 gnolls (D:2)
  4 adders
  2 dart slugs (D:1)
  3 leopard geckos (D:1)
  8 bats
  2 giant cockroaches (D:2)
  7 goblins (D:1)
  6 hobgoblins
  4 jackals (D:2)
  A frilled lizard (D:1)
  11 kobolds
  2 rats
57 creatures vanquished.

Notes
Turn   | Place    | Note
-------+----------+-------------------------------------------
     0 | D:1      | IBeShadow the Demonspawn Fighter began the quest for the
                  | Orb.
     0 | D:1      | Reached XP level 1. HP: 18/18 MP: 1/1
    79 | D:1      | Gained mutation: You regenerate a little health from kills.
                  | [demonic ancestry]
    79 | D:1      | Reached XP level 2. HP: 22/24 MP: 2/2
   550 | D:1      | Gained mutation: You have a pair of small horns on your
                  | head. [demonic ancestry]
   550 | D:1      | Reached XP level 3. HP: 30/30 MP: 3/3
   593 | D:1      | Reached skill level 4 in Fighting
  1275 | D:2      | Reached XP level 4. HP: 20/38 MP: 4/4
  1776 | D:2      | Noticed Terence
  1778 | D:2      | Noticed Natasha
  1872 | D:2      | Killed Terence
  1872 | D:2      | Reached skill level 5 in Fighting
  1872 | D:2      | Gained mutation: You have a pair of horns on your head.
                  | [demonic ancestry]
  1872 | D:2      | Reached XP level 5. HP: 31/44 MP: 5/5
  1884 | D:2      | Killed Natasha
  2265 | D:2      | Found a burning altar of Makhleb.
  2472 | D:2      | Noticed Natasha
  2478 | D:2      | Killed Natasha
  2657 | D:2      | Noticed Natasha
  2674 | D:2      | HP: 2/44 [Natasha (7)]
  2674 | D:2      | Slain by Natasha

Skill      XL: |  1  2  3  4 |
---------------+-------------+-----
Short Blades   | 2 3 |  3.3
Fighting       | 4 5 |  5.5
Armour         | |  2.6
Shields        | |  2.6

Action                   |  1- 3 |  4- 6 || total
-------------------------+-------+-------++-------
Melee: Rapier            |   133 |   100 ||   233
       Headbutt          |     5 |    22 ||    27
  Use: Potion            |     1 |     1 ||     2
       Scroll            |       |     2 ||     2
  Eat: Chunk             |     1 |     5 ||     6
Armor: Scale mail        |    49 |       ||    49
       Chain mail        |    49 |    44 ||    93
       Skin              |       |     3 ||     3
Dodge: Dodged            |    40 |    29 ||    69
Block: Shield            |    63 |    53 ||   116
